 Dungeon Crawl Stone Soup version 0.20-a0-893-g832831a (webtiles) character file.

359 GlassEater the Cudgeler (level 6, -2/57 HPs)
             Began as a Naga Monk on Mar 16, 2017.
             Was a Believer of Cheibriados.
             Slain by badtown's ghost (7 damage)
             ... on level 4 of the Dungeon.
             The game lasted 00:09:12 (3767 turns).

GlassEater the Cudgeler (Naga Monk)                 Turns: 3767, Time: 00:09:13

Health: -2/57      AC:  5    Str: 18    XL:     6   Next: 65%
Magic:  6/6        EV: 11    Int: 21    God:    Cheibriados [**....]
Gold:   278        SH:  0    Dex: 22    Spells: 5/5 levels left

rFire    + . .     SeeInvis +   a - +0 flail
rCold    . . .     Gourm    .   l - +0 ring mail
rNeg     . . .     Faith    .   (no shield)
rPois    +         Spirit   .   h - +0 helmet
rElec    .         Reflect  .   (no cloak)
rCorr    .         Harm     .   (no gloves)
MR       .....                  (no barding)
Stlth    ++........             (no amulet)
Regen    0.2/turn               (no ring)
MPRegen  0.1/turn               d - ring of protection from fire

@: brilliant, flying, very slow
A: see invisible, agile 1, deformed body, poison resistance, slowness 2, slow
metabolism 1, spit poison 1, sturdy frame 1, AC +2
a: Spit Poison, Bend Time, Renounce Religion


You were on level 4 of the Dungeon.
You worshipped Cheibriados.
Cheibriados was pleased with you.
You were not hungry.

You visited 1 branch of the dungeon, and saw 4 of its levels.

You collected 278 gold pieces.

Inventory:

Hand Weapons
 a - a +0 flail (weapon)
Missiles
 o - 29 bolts
 u - 24 arrows
Armour
 h - a +0 helmet (worn)
 l - a +0 ring mail (worn)
 t - a +2 robe of resistance
Jewellery
 d - a ring of protection from fire (left hand)
Wands
 q - a wand of enslavement (14/24)
Scrolls
 b - 2 scrolls of remove curse
 g - a scroll of enchant armour
 j - a scroll of magic mapping
 m - a scroll of amnesia {unknown}
 n - a scroll of teleportation
 r - a scroll of noise {unknown}
 s - a scroll of immolation {unknown}
Comestibles
 c - 3 bread rations
 f - 11 fruits
 p - 2 meat rations


   Skills:
 + Level 4.0 Fighting
 + Level 5.3 Maces & Flails
 + Level 1.4 Armour
 + Level 3.2 Dodging
 + Level 4.2 Stealth


You had 5 spell levels left.
You didn't know any spells.

Dungeon Overview and Level Annotations

Branches:
Dungeon (4/15)
 Temple: D:4-7

Altars:
Cheibriados
Kikubaaqudgha

Annotations:
D:4 Grinder; badtown's ghost, amateur MfGl


Innate Abilities, Weirdness & Mutations

You cannot wear boots.
Your serpentine skin is tough. (AC +2)
You have supernaturally acute eyesight. (SInv)
Armour fits poorly on your strangely shaped body.
Your system is resistant to poisons. (rPois)
You cover ground very slowly.
You have a slow metabolism.
You can spit poison.
You are agile. (Dex +2)
Your movements are slightly less encumbered by armour. (ER -2)


Message History

Badtown's ghost hits you!
You hit badtown's ghost.
Badtown's ghost is heavily damaged.
Badtown's ghost hits you!
You hit badtown's ghost.
Badtown's ghost is heavily damaged.
Badtown's ghost misses you.
You hit badtown's ghost but do no damage.
Badtown's ghost is heavily damaged.
Badtown's ghost completely misses you.
You hit badtown's ghost.
Badtown's ghost is severely damaged.
Badtown's ghost hits you!
* * * LOW HITPOINT WARNING * * *
You miss badtown's ghost.
Badtown's ghost is severely damaged.
Badtown's ghost hits you!
* * * LOW HITPOINT WARNING * * *
Badtown's ghost hits you!
You die...

#.# #.# #.#
..# #.. #.#
#.# #W# ###@#
#...# #.###
#.# #.#
#............
#.#.##..5#####
# ....# ##..#


You could see badtown's ghost.

Vanquished Creatures
  The ghost of Dharzhak the Grave Robber, an amateur DENe (D:3)
  A scorpion (D:4)
  A bullfrog skeleton (D:3)
  Jessica (D:2)
  Ijyb (D:2)
  4 adders
  2 oozes
  3 worms
  2 dart slugs (D:1)
  5 leopard geckos
  7 orcs (D:3)
  A ball python (D:1)
  4 giant cockroaches
  11 goblins
  8 hobgoblins
  8 jackals
  2 quokkas
  8 bats
  A frilled lizard (D:1)
  A jackal skeleton (D:4)
  12 kobolds
  6 rats
90 creatures vanquished.

Notes
Turn   | Place    | Note
-------+----------+-------------------------------------------
     0 | D:1      | GlassEater the Naga Monk began the quest for the Orb.
     0 | D:1      | Reached XP level 1. HP: 21/21 MP: 1/1
    23 | D:1      | Reached XP level 2. HP: 9/28 MP: 2/2
   597 | D:1      | Reached XP level 3. HP: 22/34 MP: 3/3
  1409 | D:2      | Reached XP level 4. HP: 30/42 MP: 4/4
  1636 | D:2      | Reached skill level 4 in Maces & Flails
  2227 | D:2      | Noticed Ijyb
  2241 | D:2      | Killed Ijyb
  2241 | D:2      | Reached XP level 5. HP: 44/49 MP: 5/5
  2284 | D:2      | Noticed Jessica
  2287 | D:2      | Killed Jessica
  2432 | D:3      | Reached skill level 1 in Armour
  2487 | D:3      | Found an ancient bone altar of Kikubaaqudgha.
  2489 | D:3      | Noticed Dharzhak's ghost (amateur DENe)
  2495 | D:3      | Gained mutation: Your movements are slightly less encumbered by armour. (ER -2) [potion of mutation]
  2495 | D:3      | Gained mutation: You are agile. (Dex +2) [potion of mutation]
  2518 | D:3      | Killed Dharzhak's ghost
  2518 | D:3      | Reached XP level 6. HP: 34/57 MP: 6/6
  2519 | D:3      | Reached skill level 5 in Maces & Flails
  3230 | D:3      | Found a snail-covered altar of Cheibriados.
  3235 | D:3      | Became a worshipper of Cheibriados the Contemplative
  3235 | D:3      | Reached * piety under Cheibriados
  3235 | D:3      | Reached ** piety under Cheibriados
  3737 | D:4      | Noticed Grinder
  3745 | D:4      | Noticed badtown's ghost (amateur MfGl)
  3767 | D:4      | Slain by badtown's ghost

Vault maps used:
D:1:      elethiomel_arrival_shortcut, serial_bayou_pond_a, minmay_pentomino_r2
D:2:      uniq_jessica, uniq_iyjb
D:3:      cheibriados_altar_1, kiku_gazebo_garden_becter,
          guppyfry_early_orc_mine
D:4:      minmay_overflow_temple_star_hex, first_bread, uniq_grinder,
          uniq_crazy_yiuf_cottage, uniq_edmund

Skill      XL: |  1  2  3  4  5  6 |
---------------+-------------------+-----
Maces & Flails | 4 5 |  5.3
Dodging        | 3 |  3.2
Armour         | 1 |  1.4
Stealth        | 4 |  4.2
Fighting       | 4 |  4.0

Action                   |  1- 3 |  4- 6 || total
-------------------------+-------+-------++-------
Melee: Mace              |    93 |   154 ||   247
       Flail             |       |    55 ||    55
 Abil: Spit Poison       |    13 |     6 ||    19
  Use: Potion            |       |     4 ||     4
       Scroll            |       |     6 ||     6
 Stab: Sleeping          |     3 |     3 ||     6
  Eat: Chunk             |     1 |     7 ||     8
Armor: Robe              |    19 |     2 ||    21
       Ring mail         |       |    75 ||    75
Dodge: Dodged            |    70 |   120 ||   190
